 Dungeon Crawl Stone Soup version 0.29-a0-542-g075992c915 (webtiles) character file.

Game seed: 321014697986239345

79 oldriver the Skirmisher (level 4, -2/39 HPs)
             Began as a Palentonga Delver on June 5, 2022.
             Killed from afar by Blork the orc (13 damage)
             ... with a puff of frost
             ... on level 4 of the Dungeon.
             The game lasted 00:03:43 (3286 turns).

oldriver the Skirmisher (Palentonga Delver)         Turns: 3286, Time: 00:03:43

Health: -2/39      AC:  7    Str: 17    XL:     4   Next: 16%
Magic:  4/4        EV:  9    Int: 16    God:
Gold:   183        SH:  0    Dex: 12    Spells: 3/3 levels left

rFire   . . .      SeeInvis +   n - +2 hand axe (elec)
rCold   . . .      Faith    .   (no shield)
rNeg    . . .      Spirit   .   b - +0 leather armour
rPois   .          Reflect  .   (no helmet)
rElec   .          Harm     .   p - +2 cloak {Will+}
rCorr   .          Rampage  .   (no gloves)
Will    +....                   (no barding)
Stlth   ++........              h - amulet of the acrobat
HPRegen 0.13/turn               e - +6 ring of intelligence
MPRegen 0.09/turn               (no ring)

@: hasted, very quick
A: large, rugged brown scales 3, see invisible, deformed body, roll 1, armoured
tail
a: Rolling Charge


You were on level 4 of the Dungeon.
You visited 1 branch of the dungeon, and saw 5 of its levels.

You collected 183 gold pieces.

Inventory:

Hand Weapons
 n - a +2 hand axe of electrocution (weapon)
Armour
 b - a +0 leather armour (worn)
 p - a +2 cloak of willpower (worn)
Jewellery
 e - a +6 ring of intelligence (left hand)
 h - an amulet of the acrobat (around neck)
Wands
 g - a wand of digging (3)
 s - a wand of charming (13)
Scrolls
 c - a scroll of fog
 d - 2 scrolls of magic mapping
 j - 2 scrolls of teleportation
 o - 2 scrolls of identify
 r - 2 scrolls of brand weapon {unknown}
 t - 2 scrolls of poison {unknown}
 u - a scroll of acquirement {unknown}
Potions
 a - a potion of ambrosia {unknown}
 f - a potion of haste
 i - 3 potions of curing
 k - a potion of mutation
 l - a potion of brilliance
 m - a potion of resistance
 q - a potion of cancellation {unknown}


   Skills:
 + Level 3.9 Fighting
 * Level 3.6 Axes
 - Level 1.5 Dodging
 - Level 3.3 Stealth


You had 3 spell levels left.
You didn't know any spells.
Your spell library contained the following spells:

 Spells                   Type           Power      Damage    Failure   Level
 Beastly Appendage        Tmut           0%         N/A       30%         1
 Ensorcelled Hibernation  Hex/Ice        0%         N/A       43%         2
 Passwall                 Tmut/Erth      0%         N/A       43%         2
 Wereblood                Tmut           0%         N/A       43%         2
 Ozocubu's Armour         Ice            0%         N/A       67%         3
 Spider Form              Tmut/Pois      0%         N/A       67%         3
 Swiftness                Air            0%         N/A       67%         3
 Metabolic Englaciation   Hex/Ice        0%         N/A       100%        5
 Simulacrum               Ice/Necr       0%         N/A       100%        6


Dungeon Overview and Level Annotations

Branches:
Dungeon (5/15)
 Temple: D:4-7

Altars:

Annotations:
D:4 Blork the orc, Ijyb


Innate Abilities, Weirdness & Mutations

You are completely covered in rugged brown scales. (AC +3, +7% HP)
You have supernaturally acute eyesight. (SInv)
Armour fits poorly on your strangely shaped body.
You can roll at nearby foes to attack.
You have a long armoured tail.


Message History

Blork the orc completely misses you.
Blork the orc gestures at you while chanting.
The puff of frost hits you!
You hit Blork the orc.
Blork the orc is heavily wounded.
Blork the orc hits you with a +0 long sword.
Blork the orc closely misses you.
You closely miss Blork the orc.
Blork the orc is heavily wounded.
Blork the orc barely misses you.
You hit Blork the orc but do no damage.
Blork the orc is heavily wounded.
Blork the orc hits you but does no damage.
Blork the orc barely misses you.
You hit Blork the orc.
Blork the orc is heavily wounded.
Blork the orc begins to cast a cantrip, but forgets the words!
Blork the orc hits you with a +0 long sword.
You hit Blork the orc but do no damage.
Blork the orc is heavily wounded.
Blork the orc hits you with a +0 long sword!
You feel yourself speed up.
Blork the orc gestures at you while chanting.
The magic dart hits you.
Blork the orc hits you but does no damage.
You hit Blork the orc.
Blork the orc is heavily wounded.
Blork the orc hits you with a +0 long sword.
You hit Blork the orc.
Blork the orc is severely wounded.
Blork the orc hits you with a +0 long sword.
* * * LOW HITPOINT WARNING * * *
You closely miss Blork the orc.
Blork the orc is severely wounded.
Blork the orc looks satisfied for a moment.
You hit Blork the orc.
Blork the orc is almost dead.
Blork the orc points at you and mumbles some strange words.
The puff of frost hits you!
You die...

.#..#.........#
..............#
..............#
..............#
...##.##....###
.. # #..#### ...
###....### ....
#...#..o.##
....###..##.#@..#
.......<..###.###
..........##..#
..........##.##
.....#.......#
####.##.##...# #
#####...# #....
....#


You could see Blork the orc (fast, empowered).

Vanquished Creatures
  2 adders
  3 dart slugs
  2 worms
  An orc (D:3)
  9 ball pythons
  3 endoplasms
  2 giant cockroaches
  6 goblins
  2 hobgoblins (D:1)
  2 quokkas (D:1)
  7 bats
  5 frilled lizards
  5 kobolds
  3 rats
52 creatures vanquished.

Notes
Turn   | Place    | Note
-------+----------+-------------------------------------------
     0 | D:5      | oldriver the Palentonga Delver began the quest for the Orb.
     0 | D:5      | Reached XP level 1. HP: 19/19 MP: 1/1
    66 | D:5      | Noticed a howler monkey
    78 | D:4      | Noticed a scorpion
    78 | D:4      | Noticed a scorpion
   285 | D:3      | Reached XP level 2. HP: 21/25 MP: 2/2
  1284 | D:1      | Reached XP level 3. HP: 23/31 MP: 3/3
  2438 | D:2      | Found a faded altar of an unknown god.
  2833 | D:3      | Reached XP level 4. HP: 38/39 MP: 4/4
  3220 | D:4      | Noticed Ijyb
  3267 | D:4      | Noticed Blork the orc
  3286 | D:4      | Killed from afar by Blork the orc

Illustrated notes

Levels and vault maps discovered:
D:1:      mrwooster_arrival_arrow, layout_basic
D:2:      layout_basic, ebering_ecumenical_altar_hall
D:3:      layout_basic
D:4:      layout_cave_pools, nicolae_overflow_hidden_temple,
          mainiacjoe_overflow_catwalk, uniq_edmund, uniq_crazy_yiuf_cottage,
          uniq_natasha, uniq_blork_the_orc, uniq_ijyb
D:5:      layout_loops_ring, minmay_diced_spiral

Skill      XL: |  1  2  3 |
---------------+----------+-----
Axes           | 3 |  3.6
Fighting       | |  3.9
Dodging        | |  1.5
Stealth        | |  3.3

Action                   |  1- 3 |  4- 6 || total
-------------------------+-------+-------++-------
Melee: Hand axe          |   109 |    21 ||   130
       Tailslap          |     7 |     4 ||    11
       Punch             |     1 |       ||     1
 Abil: Rolling Charge    |    23 |     3 ||    26
  Use: Scroll            |     7 |       ||     7
       Potion            |       |     1 ||     1
 Stab: Sleeping          |     1 |       ||     1
Armor: Leather armour    |    46 |     3 ||    49
Dodge: Dodged            |    52 |     8 ||    60

Table legend: (Time is in decaauts)
 A = Elapsed time spent in this place.
 B = Non-inter-level travel time spent in this place.
 C = Inter-level travel time spent in this place.
 D = Time resting spent in this place.
 E = Time spent auto-exploring this place.
 F = Levels seen in this place.
 G = Mean time per level.
                   A        B        C        D        E       F      G
               +--------+--------+--------+--------+--------+-----+--------+
         Total |   3303 |   3133 |    170 |    733 |   1925 |   5 |  660.6 |
       Dungeon |   3303 |   3133 |    170 |    733 |   1925 |   5 |  660.6 |
               +--------+--------+--------+--------+--------+-----+--------+

Top non-repeatable levels by time:
     D:3: 1197 daAuts
     D:2: 1011 daAuts
     D:1: 956 daAuts
     D:5: 78 daAuts
     D:4: 60 daAuts
